 Dungeon Crawl Stone Soup version 0.27-b1-2-g8387495791 (webtiles) character file.

Game seed: 3172380936991914187

1135 vvl the Insei (level 8, 0/58 HPs)
             Began as a Demonspawn Transmuter on July 26, 2021.
             Slain by a centaur (5 damage)
             ... on level 6 of the Dungeon.
             The game lasted 00:11:47 (6386 turns).

vvl the Insei (Demonspawn Transmuter)               Turns: 6386, Time: 00:11:48

Health: 0/58       AC:  5    Str: 19    XL:     8   Next: 14%
Magic:  13/13      EV: 12    Int: 15    God:
Gold:   471        SH:  0    Dex: 13    Spells: 9/14 levels left

rFire    . . .     SeeInvis .   k - +2 dagger (venom)
rCold    . . .     Faith    .   (no shield)
rNeg     . . .     Spirit   .   p - +3 robe of Clouds {+Thunder rCloud rElec}
rPois    .         Reflect  .   (helmet currently unavailable)
rElec    +         Harm     .   (no cloak)
rCorr    .         Rampage  .   (no gloves)
Will     .....                  (boots currently unavailable)
Stlth    +.........             h - amulet of regeneration
HPRegen  1.19/turn              q - +6 ring of strength
MPRegen  0.13/turn              (no ring)

@: appendages (expiring)
A: horns 2, claws 1, talons 2, foul stench 1
a: End Transformation, Evoke Thunderclouds


You were on level 6 of the Dungeon.
You had temporarily grown beastly horns.
You visited 1 branch of the dungeon, and saw 6 of its levels.

You collected 471 gold pieces.

Inventory:

Hand Weapons
 k - a +2 dagger of venom (weapon)
Armour
 n - a +0 helmet (melded)
 p - the +3 robe of Clouds (worn) {+Thunder rCloud rElec}
   (You found it on level 5 of the Dungeon)

   It can be evoked to surround the wearer with storm clouds, with success rate
   depending on Evocations skill.
   rElec:     It insulates you from electricity.
Jewellery
 h - an amulet of regeneration (around neck)
 q - a +6 ring of strength (left claw)
Scrolls
 c - a scroll of holy word {unknown}
 d - a scroll of enchant weapon {unknown}
 i - 3 scrolls of identify {unknown}
 j - 2 scrolls of teleportation {unknown}
 m - a scroll of noise {unknown}
 o - a scroll of magic mapping {unknown}
Potions
 a - a potion of curing
 b - a potion of brilliance {unknown}
 f - a potion of haste {unknown}
 g - a potion of lignification {unknown}
 l - a potion of berserk rage {unknown}


   Skills:
 + Level 3.3 Fighting
 + Level 2.7 Armour
 - Level 2.0 Dodging
 * Level 5.2 Unarmed Combat
 + Level 3.5 Spellcasting
 * Level 4.7 Transmutations
 + Level 2.4 Ice Magic
 + Level 0.8 Evocations


You had 9 spell levels left.
You knew the following spells:

 Your Spells              Type           Power      Damage    Failure   Level
a - Beastly Appendage     Tmut           32%        N/A       2%          1
b - Ice Form              Ice/Tmut       13%        N/A       41%         4

Your spell library contained the following spells:

 Spells                   Type           Power      Damage    Failure   Level
 Wereblood                Tmut           16%        N/A       4%          2
 Summon Small Mammal      Summ           8%         N/A       19%         1
 Spider Form              Tmut/Pois      4%         N/A       22%         3
 Call Canine Familiar     Summ           2%         N/A       50%         3
 Summon Guardian Golem    Hex/Summ       2%         N/A       50%         3
 Petrify                  Tmut/Erth      9%         N/A       56%         4
 Animate Armour           Summ/Erth      4%         N/A       88%         4
 Lee's Rapid Deconstruct  Erth           1%         3d5*      99%         5
 Iron Shot                Conj/Erth      1%         9d1       100%        6
 Orb of Destruction       Conj           1%         N/A       100%        7
 Spellforged Servitor     Conj/Summ      1%         N/A       100%        7


Dungeon Overview and Level Annotations

Branches:
Dungeon (6/15)
 Temple: D:4-7

Altars:
Hepliaklqana
Uskayaw
Vehumet
Wu Jian
Xom
Yredelemnul
Lugonu

Portals:
Abyss: D:3


Innate Abilities, Weirdness & Mutations

You have temporarily grown beastly horns.
You have sharp fingernails.
You have razor-sharp toenails.
You may rarely emit foul miasma when damaged in melee.


Message History

The arrow hits you!
The centaur shoots an arrow.
The arrow hits you.
* * * LOW HITPOINT WARNING * * *
The centaur shoots an arrow.
The arrow closely misses you.
The centaur shoots an arrow.
The arrow hits you.
* * * LOW HITPOINT WARNING * * *
The centaur shoots an arrow.
The arrow hits you.
* * * LOW HITPOINT WARNING * * *
You feel much better.
The centaur shoots an arrow.
The arrow barely misses you.
The centaur shoots an arrow.
The arrow hits you.
The centaur shoots an arrow.
The arrow barely misses you.
The centaur shoots an arrow.
The arrow hits you.
The centaur unwields a +0 shortbow.
The centaur hits you. The centaur kicks you.
The centaur unwields a +0 shortbow.
The centaur hits you.
The centaur kicks you but does no damage.
You hit the centaur.
The centaur is poisoned.
You claw the centaur! You headbutt the centaur.
The centaur is severely wounded.
The centaur hits you but does no damage.
The centaur kicks you. The centaur hits you. The centaur closely misses you.
The centaur hits you. The centaur barely misses you.
You hit the centaur.
The centaur is poisoned.
You claw the centaur, but do no damage.
The centaur is lightly wounded.
The centaur misses you. The centaur kicks you.
The centaur closely misses you. x3
The centaur kicks you.
* * * LOW HITPOINT WARNING * * *
You hit the centaur. Your kick misses the centaur.
The centaur is severely wounded.
The centaur hits you.
* * * LOW HITPOINT WARNING * * *
The centaur closely misses you. The centaur misses you.
The centaur closely misses you. The centaur misses you. The centaur kicks you.
* * * LOW HITPOINT WARNING * * *
You hit the centaur. Your kick misses the centaur. You headbutt the centaur.
The centaur is moderately wounded.
The centaur hits you.
* * * LOW HITPOINT WARNING * * *
The centaur kicks you but does no damage.
The centaur hits you.
You die...

#..## ##..## #...##
#....## #.....##
##......## .
#........### ...
#....##.....#####.....
#...#####......@c......
....# #.......c....##
.>.# #...###########
...# #..## ...# #..##
...# #... . ..... ...#


You could see 2 centaurs.

Vanquished Creatures
  Sigmund (D:4)
  Duvessa (D:4)
  2 ice beasts
  An ogre (D:4)
  2 scorpions
  Dowan (D:4)
  A hound (D:5)
  A centaur skeleton (D:4)
  An orc priest (D:6)
  3 jellies
  An iguana (D:4)
  An orc wizard (D:6)
  Robin (D:4)
  6 gnolls
  2 adders
  2 shadow imps
  An ufetubus (D:5)
  2 dart slugs (D:1)
  3 orcs (D:6)
  6 ball pythons
  4 bats
  6 endoplasms
  A giant cockroach (D:2)
  17 goblins
  13 hobgoblins
  17 jackals
  5 kobolds
  3 quokkas
  5 frilled lizards
  7 rats
  A lurking horror (D:3)
118 creatures vanquished.

Vanquished Creatures (others)
  A lurking horror (D:3)
1 creature vanquished.

Grand Total: 119 creatures vanquished

Notes
Turn   | Place    | Note
-------+----------+-------------------------------------------
     0 | D:1      | vvl the Demonspawn Transmuter began the quest for the Orb.
     0 | D:1      | Reached XP level 1. HP: 15/15 MP: 3/3
   126 | D:1      | Gained mutation: You have sharp fingernails. [demonic
                  | ancestry]
   126 | D:1      | Reached XP level 2. HP: 18/21 MP: 5/5
   506 | D:1      | Reached skill level 3 in Unarmed Combat
   624 | D:1      | Reached XP level 3. HP: 16/26 MP: 4/6
  1069 | D:1      | Found a faded altar of an unknown god.
  1712 | D:2      | Reached XP level 4. HP: 5/32 MP: 5/7
  2131 | D:2      | Reached skill level 1 in Armour
  2315 | D:2      | Got the Grimoire of Stones
  3020 | D:3      | Found a one-way gate to the infinite horrors of the Abyss.
  3156 | D:3      | Found a corrupted altar of Lugonu.
  3946 | D:3      | Found an ornate altar of the Wu Jian Council.
  4136 | D:4      | Found a shimmering altar of Xom.
  4136 | D:4      | Found a shimmering altar of Xom.
  4136 | D:4      | Found a shimmering altar of Xom.
  4136 | D:4      | Found a shimmering altar of Xom.
  4138 | D:4      | Found a shimmering altar of Xom.
  4138 | D:4      | Found a shimmering altar of Xom.
  4210 | D:4      | Noticed a scorpion
  4218 | D:4      | Killed a scorpion
  4219 | D:4      | Reached XP level 5. HP: 20/38 MP: 6/8
  4382 | D:4      | Noticed Dowan
  4387 | D:4      | Noticed Duvessa
  4392 | D:4      | Killed Dowan
  4411 | D:4      | Reached skill level 1 in Ice Magic
  4426 | D:4      | Killed Duvessa
  4427 | D:4      | Reached skill level 4 in Unarmed Combat
  4427 | D:4      | Gained mutation: You have sharp toenails. [demonic
                  | ancestry]
  4427 | D:4      | Reached XP level 6. HP: 27/44 MP: 10/10
  4576 | D:4      | Found a hide-covered altar of Uskayaw.
  4640 | D:4      | Found a radiant altar of Vehumet.
  4644 | D:4      | Noticed Sigmund
  4656 | D:4      | Killed Sigmund
  4697 | D:4      | Identified the +0 robe "Irumieco" {rF+}
  4942 | D:4      | Gained mutation: You have razor-sharp toenails. [demonic
                  | ancestry]
  4942 | D:4      | Reached XP level 7. HP: 49/51 MP: 11/11
  5051 | D:4      | Noticed Robin
  5074 | D:4      | Killed Robin
  5534 | D:5      | Entered Level 5 of the Dungeon
  5729 | D:5      | Found a hazy altar of Hepliaklqana.
  5788 | D:5      | Found the +3 robe of Clouds {+Thunder rCloud rElec}
  5836 | D:5      | Reached skill level 5 in Unarmed Combat
  5933 | D:5      | Found a basalt altar of Yredelemnul.
  6160 | D:5      | Gained mutation: You may rarely emit foul miasma when
                  | damaged in melee. [demonic ancestry]
  6160 | D:5      | Reached XP level 8. HP: 48/58 MP: 13/13
  6290 | D:6      | Learned a level 4 spell: Ice Form
  6386 | D:6      | Slain by a centaur

Illustrated notes

Levels and vault maps discovered:
D:1:      wander_arrival_desolate, layout_loops_cross,
          hellmonk_ecumenical_altar_slurped_away
D:2:      layout_rooms
D:3:      cheibrodos_greedy_goblins, layout_loops_ring,
          nicolae_wu_jian_immortal_techniques, hangedman_glass_teeth,
          amcnicky_altar_lugonu_corruption
D:4:      layout_loops_cross, mainiacjoe_overflow_catwalk,
          mainiacjoe_overflow_surrounded_room, xom_redecorated, uniq_duvessa,
          uniq_sigmund, uniq_robin
D:5:      layout_cave_pools, amcnicky_altar_gilded,
          mainiacjoe_overflow_cross_hatched
D:6:      layout_layer_cave, general_overflow_altar, eino_curves_03,
          serial_park_tiny_2

Skill      XL: |  1  2  3  4  5  6  7 |
---------------+----------------------+-----
Transmutations | 2 3 4 |  4.7
Dodging        | 2 |  2.0
Unarmed Combat | 3 4 5 |  5.2
Armour         | 1 2 |  2.7
Fighting       | 2 3 |  3.3
Ice Magic      | 1 2 |  2.4
Spellcasting   | 3 |  3.5
Evocations     | |  0.8

Action                   |  1- 3 |  4- 6 |  7- 9 || total
-------------------------+-------+-------+-------++-------
Melee: Unarmed           |   144 |    73 |       ||   217
       Headbutt          |    11 |    11 |    11 ||    33
       Kick              |    19 |    18 |    41 ||    78
       Dagger            |       |    29 |   141 ||   170
       Punch             |       |     1 |     3 ||     4
 Cast: Beastly Appendage |    19 |    14 |     8 ||    41
  Use: Potion            |       |     1 |     4 ||     5
Armor: Robe              |     9 |       |    23 ||    32
       Ring mail         |    66 |    39 |     9 ||   114
       Scale mail        |       |       |    25 ||    25
Dodge: Dodged            |    88 |    69 |    89 ||   246
